 Dungeon Crawl Stone Soup version 0.31-a0-626-g8143ab4f1d (webtiles) character file.

Game seed: 1240237919135666490

199 spiderkeys the Ruffian (level 5, 0/36 HPs)
             Began as an Octopode Shapeshifter on Aug 24, 2023.
             Killed from afar by an orc wizard (12 damage)
             ... with a magic dart
             ... on level 4 of the Dungeon.
             The game lasted 00:04:29 (2509 turns).

spiderkeys the Ruffian (Octopode Shapeshifter)      Turns: 2509, Time: 00:04:30

Health: 0/36       AC:  1    Str: 16    XL:     5   Next: 77%
Magic:  5/5        EV: 13    Int: 11    God:
Gold:   213        SH:  0    Dex: 12    Spells: 4/4 levels left

rFire   . .          .
                       - Unarmed
rCold   . . .        (no shield)
rNeg    . . .        (helmet currently unavailable)
rPois   +            (no amulet)
rElec   .            P - ring of poison resistance
rCorr   .            (no ring)
SInv    .            (no ring)
Will    .....        (no ring)
Stlth   ++           (no ring)
HPRegen 0.26/turn    (no ring)
MPRegen 0.09/turn    (no ring)
                     (no ring)

%: no passive effects
@: confused, beast-form
A: beast (slay +2), almost no armour, amphibious, 8 rings, camouflage 1,
gelatinous body 1, (nimble swimmer 1), tentacles
a: Begin Untransformation


You were on level 4 of the Dungeon.
You were a hulking beast.
You visited 1 branch of the dungeon, and saw 5 of its levels.

You collected 213 gold pieces.


Innate Abilities, Weirdness & Mutations

You are a hulking beast.
Your limbs bulge with bestial killing power. (Slay +2)
You cannot wear most types of armour.
You are amphibious.
You can wear up to eight rings at the same time.
Your skin changes colour to match your surroundings (Stealth+).
Your rubbery body absorbs attacks. (AC +1, EV +1)
((You are camouflaged when in or above water. (Stealth+)))
You have tentacles for arms and can constrict up to eight enemies at once.


   Skills:
 + Level 2.8 Fighting
 + Level 3.2 Dodging
 + Level 4.0 Unarmed Combat
 + Level 3.9 Shapeshifting


You had 4 spell levels left.
You didn't know any spells.
Your spell library contained the following spells:

 Spells                   Type           Power      Damage    Failure   Level
 Slow                     Hex            0%         N/A       34%         1
 Confusing Touch          Hex            0%         N/A       71%         3
 Ozocubu's Armour         Ice            0%         N/A       71%         3
 Vampiric Draining        Necr           0%         2d6       71%         3
 Metabolic Englaciation   Hex/Ice        0%         N/A       100%        5
 Simulacrum               Ice/Necr       0%         N/A       100%        6

Inventory:

Missiles
 e - 41 stones
 f - 8 poisoned darts
Jewellery
 P - a ring of poison resistance (left tentacle)
   (You found it on level 2 of the Dungeon)
Talismans
 b - a beast talisman (active)
 c - a flux talisman
Wands
 p - a wand of light (3)
   (You found it on level 3 of the Dungeon)
Scrolls
 d - a scroll of noise {unknown}
 h - a scroll of enchant armour
 m - a scroll of fear {unknown}
 n - a scroll of enchant weapon {unknown}
 q - a scroll of vulnerability {unknown}
Potions
 a - a potion of lignification {!q}
 g - a potion of cancellation {unknown}
 i - a potion of curing {unknown}
 j - a potion of invisibility {unknown}
 k - a potion of might {unknown}
 l - 3 potions of haste {unknown}
 o - 2 potions of brilliance {unknown}

Dungeon Overview and Level Annotations

Branches:
Dungeon (5/15) Zot: 26678
 Temple: D:4-7

Altars:

#................#
..................#
<.................
................#
...............###
..##.............#.
##.................
#...............#$
.........ohr...##
........ooK...#
......g..###....
##:....... ..#.
#.#...... .#
......##.. . ......
## >....#


You could see an orc wizard, 2 orcs, a quokka, a hobgoblin and a kobold.


Message History

e - 33 stones (gained 7)
You now have 213 gold pieces (gained 10).
Things that are here:
a +0 club; a goblin corpse
There is a stone staircase leading down here.
e - 41 stones (gained 8) Key pressed, stopping explore.
Key pressed, stopping explore.
No target in view!
No target in view!
An adder is nearby!
An adder is nearby!
An adder is nearby!
No target in view!
No target in view!
No target in view!
No target in view!
A hobgoblin comes into view.
The hobgoblin shouts!
A giant cockroach comes into view.
You closely miss the hobgoblin. You grab the hobgoblin.
You squeeze the hobgoblin.
You kill the hobgoblin!
You see here a hobgoblin corpse.
The giant cockroach bites you. 😕 HP[-1]
You take 1 damage, and now have 34/35 hp.
You completely miss the giant cockroach.
You grab the giant cockroach. You constrict the giant cockroach.
The giant cockroach barely misses you.
You tentacle-slap the giant cockroach.
You kill the giant cockroach!
No reachable target in view!
No reachable target in view!
No reachable target in view!
q - a scroll labelled FANA SONLAPSE 😎 HP[+1]
Your hp is fully restored (35).
Found a stone staircase leading up.
An endoplasm comes into view.
An endoplasm is nearby!
The endoplasm quivers.
An orc comes into view. It is wielding a +0 mace.
The endoplasm freezes you.
You are frozen. 😕 HP[-3]
You take 3 damage, and now have 32/35 hp.
You tentacle-slap the endoplasm.
You kill the endoplasm!
An orc priest comes into view. It is wielding a +0 flail.
The orc priest shouts!
An orc comes into view. It is wielding a +0 war axe.
A quokka comes into view.
A kobold comes into view.
It is wielding a +0 short sword. 😕 HP[+1]
There are monsters nearby!
There are monsters nearby!
The kobold shouts!
The orc shouts!
An orc wizard comes into view. It is wielding a +0 dagger of draining.
Found a stone staircase leading down.
The orc priest miscasts a cantrip.
A hobgoblin comes into view.
The orc wizard shouts!
The orc shouts!
The hobgoblin shouts!
You bludgeon the orc priest! Your grab misses the orc priest.
The orc barely misses you. The orc priest misses you.
You tentacle-slap the orc priest. You grab the orc priest.
You squeeze the orc priest.
You kill the orc priest!
The kobold hits you with a +0 short sword.
The quokka bites you.
Your Unarmed Combat skill increases to level 4! 😕 HP[-4]
You now have 36 max hp (+1).
You take 4 damage, and now have 29/36 hp.
You tentacle-slap the orc wizard. You grab the orc wizard.
You constrict the orc wizard. The quokka barely misses you.
The kobold closely misses you. The orc closely misses you. 😕 HP[+1]
You tentacle-slap the orc wizard. You constrict the orc wizard.
The quokka bites you.
The kobold hits you with a +0 short sword.
The orc wizard points at you and mumbles some strange words.
You are confused. 😮 HP[-3]
You take 3 damage, and now have 27/36 hp.
You tentacle-slap the orc wizard but do no damage.
You constrict the orc wizard. The quokka misses you.
The orc hits you with a +0 mace. The orc wizard barely misses you.
The kobold completely misses you. The orc hits you with a +0 war axe!
* * * LOW HITPOINT WARNING * * *
😨 HP[-9]
You take 9 damage, and now have 18/36 hp.
MASSIVE DAMAGE!! (PAUSE)
You miss the quokka. Your squeeze misses the quokka.
You constrict the orc wizard. The quokka barely misses you.
The orc hits you with a +0 mace.
* * * LOW HITPOINT WARNING * * *
The orc wizard points at you and mumbles some strange words.
The magic dart hits you!
You die...

Skill      XL: |  1  2  3  4  5 |
---------------+----------------+-----
Fighting       | 2 |  2.8
Dodging        | 3 |  3.2
Unarmed Combat | 4 |  4.0
Shapeshifting  | |  3.9

Action                     |  1- 3 |  4- 6 || total
---------------------------+-------+-------++-------
  Melee: Unarmed           |    76 |    65 ||   141
         Constrict         |    18 |    17 ||    35
         Punch             |     1 |     1 ||     2
         Tentacles         |     9 |    14 ||    23
  Evoke: Wand              |       |     2 ||     2
    Use: Scroll            |       |     3 ||     3
   Stab: Sleeping          |     4 |     3 ||     7
 Armour: Skin              |     7 |     1 ||     8
  Dodge: Dodged            |    41 |    46 ||    87

Levels and vault maps discovered:
D:1:      mushboom_english_gardens, layout_basic, minivault_5, minivault_27
D:2:      layout_basic, uniq_jessica
D:3:      layout_basic, nicolae_tso_swordbearing_angel
D:4:      old_forge, layout_cave_pools, nicolae_uskayaw_en_pointe,
          minmay_temple_entry_wispy, uniq_menkaure
D:5:      layout_basic, mainiacjoe_overflow_24_doors, amcnicky_altar_gilded,
          hangedman_abyss_or_decor_lesser_grid

Notes
Turn   | Place    | Note
-------+----------+-------------------------------------------
     0 | D:1      | spiderkeys the Octopode Shapeshifter began the quest for
                  | the Orb.
     0 | D:1      | Reached XP level 1. HP: 13/13 MP: 1/1
     0 | D:1      | magus.rc [v1.11.6]
    46 | D:1      | Reached XP level 2. HP: 8/18 MP: 2/2
   310 | D:1      | You add the spells Ozocubu's Armour, Metabolic Englaciation
                  | and Simulacrum to your library.
   356 | D:1      | Reached XP level 3. HP: 23/23 MP: 3/3
   558 | D:1      | You add the spells Slow, Vampiric Draining and Confusing
                  | Touch to your library.
   945 | D:2      | Reached skill level 2 in Fighting
   951 | D:2      | Noticed Jessica
   974 | D:2      | Killed Jessica
   975 | D:2      | Reached XP level 4. HP: 29/29 MP: 4/4
  1794 | D:3      | Reached skill level 3 in Dodging
  1794 | D:3      | Reached XP level 5. HP: 35/35 MP: 5/5
  1990 | D:3      | You fall into a shaft and drop 2 floors!
  1990 | D:5      | Entered Level 5 of the Dungeon
  1998 | D:5      | Noticed an ogre
  2036 | D:5      | Noticed an ice beast
  2057 | D:5      | Noticed an ogre
  2115 | D:5      | HP: 4/35 [ogre/+0 giant club (23)]
  2342 | D:4      | Noticed a +0 dagger
  2343 | D:4      | Noticed a +0 short sword
  2343 | D:4      | Noticed a +0 spear
  2344 | D:4      | Noticed a +0 dagger
  2345 | D:4      | Noticed a +0 falchion
  2346 | D:4      | Noticed a +0 short sword
  2412 | D:4      | Noticed a +0 falchion
  2414 | D:4      | Noticed a +0 spear
  2506 | D:4      | Reached skill level 4 in Unarmed Combat
  2509 | D:4      | Killed from afar by an orc wizard

Vanquished Creatures
  An orc priest (D:4)
  Jessica (D:2)
  5 adders
  A white imp (D:5)
  2 ufetubi
  2 dart slugs (D:2)
  2 worms (D:2)
  2 bats (D:1)
  5 endoplasms
  4 giant cockroaches
  5 goblins
  6 hobgoblins
  9 jackals
  3 quokkas
  9 ball pythons
  8 frilled lizards
  4 kobolds
  6 rats
75 creatures vanquished.

Table legend:
 A = Non-vault XP
 B = Vault XP
 C = Vault XP percentage of total XP
 D = Non-vault monster count
 E = Vault monster count
 F = Vault count percentage of total count
                 A         B        C        D         E       F
            +---------+---------+-------+---------+---------+-------
      Total |     248 |      37 |  13.0 |      74 |       1 |   1.3
            +---------+---------+-------+---------+---------+-------
        D:1 |      48 |       0 |   0.0 |      31 |       0 |   0.0
        D:2 |      48 |      37 |  43.5 |      17 |       1 |   5.6
        D:3 |      36 |       0 |   0.0 |       8 |       0 |   0.0
        D:4 |      82 |       0 |   0.0 |      14 |       0 |   0.0
        D:5 |      34 |       0 |   0.0 |       4 |       0 |   0.0
            +---------+---------+-------+---------+---------+-------

Skill      XL: |  1  2  3  4  5 |
---------------+----------------+-----
Fighting       | 2 |  2.8
Dodging        | 3 |  3.2
Unarmed Combat | 4 |  4.0
Shapeshifting  | |  3.9

Action                     |  1- 3 |  4- 6 || total
---------------------------+-------+-------++-------
  Melee: Unarmed           |    76 |    65 ||   141
         Constrict         |    18 |    17 ||    35
         Punch             |     1 |     1 ||     2
         Tentacles         |     9 |    14 ||    23
  Evoke: Wand              |       |     2 ||     2
    Use: Scroll            |       |     3 ||     3
   Stab: Sleeping          |     4 |     3 ||     7
 Armour: Skin              |     7 |     1 ||     8
  Dodge: Dodged            |    41 |    46 ||    87

Illustrated notes

Table legend:
 A = Kills in this place as a percentage of kills in the entire game.
 B = Kills by you in this place as a percentage of kills by you in the entire game.
 C = Kills by friends in this place as a percentage of kills by friends in the entire game.
 D = Other kills in this place as a percentage of other kills in the entire game.
 E = Experience gained in this place as a percentage of experience gained in the entire game.
 F = Experience gained in this place divided by the number of levels of this place that you have seen.
                   A       B       C       D       E      F
               +-------+-------+-------+-------+-------+----------------------
         Total | 100.0 | 100.0 |   N/A |   N/A | 100.0 |  57.0
       Dungeon | 100.0 | 100.0 |   N/A |   N/A | 100.0 |  57.0
               +-------+-------+-------+-------+-------+----------------------

Table legend: (Time is in decaauts)
 A = Elapsed time spent in this place.
 B = Non-inter-level travel time spent in this place.
 C = Inter-level travel time spent in this place.
 D = Time resting spent in this place.
 E = Time spent auto-exploring this place.
 F = Levels seen in this place.
 G = Mean time per level.
                   A        B        C        D        E       F      G
               +--------+--------+--------+--------+--------+-----+--------+
         Total |   2497 |   2445 |     52 |      3 |   1874 |   5 |  499.4 |
       Dungeon |   2497 |   2445 |     52 |      3 |   1874 |   5 |  499.4 |
               +--------+--------+--------+--------+--------+-----+--------+

Top non-repeatable levels by time:
     D:1: 794 daAuts
     D:3: 710 daAuts
     D:2: 476 daAuts
     D:4: 321 daAuts
     D:5: 194 daAuts
